 Dungeon Crawl Stone Soup version 0.30-a0-462-gd5975efbca (webtiles) character file.

Game seed: 8218827356948729061

454546 NinjaNoafa the Earth Mage (level 24, -1/146 HPs)
             Began as a Gargoyle Earth Elementalist on Dec 16, 2022.
             Was the Champion of Vehumet.
             Slain by a caustic shrike (3 damage)
             ... on level 3 of the Depths on Dec 17, 2022.
             The game lasted 03:57:05 (60262 turns).

NinjaNoafa the Earth Mage (GrEE)                   Turns: 60262, Time: 03:57:06

Health: -1/146     AC: 45    Str: 12    XL:     24   Next: 36%
Magic:  22/43      EV:  9    Int: 26    God:    Vehumet [******]
Gold:   2539       SH: 16    Dex: 14    Spells: 3/55 levels left

rFire   + + .      SeeInvis .    v - staff of earth
rCold   + + .      Faith    .    X - +3 kite shield {AC+3}
rNeg    + + +      Spirit   .    Q - +8 scale mail of Duty {Drain rN+ Regen+}
rPois   ∞          Reflect  .    x - +1 hat of the Stallion {rC+ rN+}
rElec   +          Harm     .    i - +2 cloak {rCorr}
rCorr   +          Rampage  .    W - +1 pair of gloves
Will    +++..                    k - +1 pair of boots of Loss {rF- rC+ Regen+ Dex+4}
Stlth   +.........               t - amulet of magic regeneration
HPRegen 2.04/turn                I - ring "Vidysm" {Wiz rF+++ Will+ Str-2}
MPRegen 0.68/turn                O - ring of willpower

@: corroded, flying, studying Fire Magic
A: sickness immunity, AC +18, big wings, negative energy resistance 1,
electricity resistance, torment resistance 1, petrification resistance, talons
1, MP-powered wands
}: 2/15 runes: decaying, serpentine
a: Renounce Religion


You were on level 3 of the Depths.
You worshipped Vehumet.
Vehumet was exalted by your worship.
You visited 12 branches of the dungeon, and saw 48 of its levels.
You visited the Abyss 2 times.
You also visited: Bailey, Gauntlet and Ice Cave.

You collected 6650 gold pieces.
You spent 4111 gold pieces at shops.

Inventory:

Missiles
 a - 29 javelins
 S - 4 throwing nets
Armour
 i - a +2 cloak of preservation (worn)
 k - the +1 pair of boots of Loss (worn) {rF- rC+ Regen+ Dex+4}
   (You bought it in a shop on level 8 of the Dungeon)

   Dex:       It affects your dexterity (+4).
   rF:        It makes you vulnerable to fire.
   rC:        It protects you from cold.
   Regen:     It increases your rate of health regeneration.
 x - the +1 hat of the Stallion (worn) {rC+ rN+}
   (You found it in a Gauntlet)

   rC:        It protects you from cold.
   rN:        It protects you from negative energy.
 Q - the +8 scale mail of Duty (worn) {Drain rN+ Regen+}
   (You found it on level 3 of the Snake Pit)

   rN:        It protects you from negative energy.
   Regen:     It increases your rate of health regeneration.
   Drain:     It drains your maximum health when unequipped.
 W - a +1 pair of gloves (worn)
 X - a +3 kite shield of protection (worn)
Magical Staves
 v - a staff of earth (weapon)
Jewellery
 t - an amulet of magic regeneration (around neck)
 I - the ring "Vidysm" (left hand) {Wiz rF+++ Will+ Str-2}
   (You took it off a naga mage on level 3 of the Snake Pit)

   [ring of wizardry]

   It improves your spell success rate.
   Str:       It affects your strength (-2).
   rF:        It renders you almost immune to fire.
   Will:      It increases your willpower.
 O - a ring of willpower (right hand)
Wands
 f - a wand of mindburst (30)
 u - a wand of acid (25)
 w - a wand of iceblast (30)
 z - a wand of flame (48)
 K - a wand of charming (48)
 T - a wand of polymorph (32)
 V - a wand of digging (9)
Scrolls
 b - 4 scrolls of torment
 h - 11 scrolls of fog
 j - 6 scrolls of magic mapping
 l - 6 scrolls of immolation
 m - 23 scrolls of teleportation
 n - 3 scrolls of poison
 o - 9 scrolls of vulnerability
 p - 7 scrolls of fear
 q - 3 scrolls of silence
 N - 2 scrolls of blinking
 R - a scroll of butterflies
Potions
 c - 5 potions of mutation
 d - 4 potions of invisibility
 e - a potion of berserk rage
 r - 5 potions of magic
 s - 8 potions of degeneration
 A - a potion of resistance
 B - 5 potions of brilliance
 C - 5 potions of ambrosia
 D - 13 potions of might
 E - 9 potions of lignification
 F - 9 potions of attraction
 G - 21 potions of curing
 M - 4 potions of cancellation
 P - 5 potions of haste
 Z - 2 potions of heal wounds
Miscellaneous
 y - a lightning rod (4/4)
 H - a phial of floods
 J - a box of beasts
 L - a phantom mirror
 U - a piece from Xom's chessboard (15/15)
 Y - a tin of tremorstones (2/2)


   Skills:
 - Level 13.6 Fighting
 - Level 3.2 Long Blades
 - Level 8.0 Staves
 - Level 15.0 Armour
 - Level 3.0 Dodging
 - Level 2.1 Stealth
 - Level 14.0 Shields
 - Level 16.0 Spellcasting
 - Level 14.0 Conjurations
 - Level 9.0 Hexes
 - Level 14.9 Summonings
 - Level 14.4 Translocations
 - Level 9.0 Transmutations
 - Level 5.0 Fire Magic
 + Level 16.5 Earth Magic
 - Level 11.0 Evocations


You had 3 spell levels left.
You knew the following spells:

 Your Spells              Type           Power      Damage    Failure   Level
a - Petrify               Tmut/Erth      92%        N/A       1%          4
b - Lee's Rapid Deconstr  Erth           51%        3d24*     1%          5
c - Iron Shot             Conj/Erth      50%        9d10      1%          6
d - Spellforged Servitor  Conj/Summ      38%        N/A       4%          7
e - Irradiate             Conj/Tmut      34%        3d23      1%          5
f - Malign Gateway        Summ/Tloc      38%        N/A       12%         7
g - Iskenderun's Mystic   Conj/Tloc      76%        2d15      1%          4
h - Yara's Violent Unrav  Hex/Tmut       30%        3d13      1%          5
i - Passwall              Tmut/Erth      76%        N/A       1%          2
j - Inner Flame           Hex/Fire       55%        N/A       1%          3
k - Passage of Golubria   Tloc           77%        N/A       1%          4

Your spell library contained the following spells:

 Spells                   Type           Power      Damage    Failure   Level
 Shatter                  Erth           51%        3d39*     77%         9
 Ignition                 Fire           23%        3d8       100%        8
 Fire Storm               Conj/Fire      31%        8d8       100%        9
 Sandblast                Erth           100%       2d20      0%          1
 Apportation              Tloc           100%       N/A       1%          1
 Beastly Appendage        Tmut           100%       N/A       1%          1
 Kiss of Death            Conj/Necr      100%       2d13      1%          1
 Magic Dart               Conj           100%       1d8       1%          1
 Shock                    Conj/Air       100%       1d9       1%          1
 Slow                     Hex            100%       N/A       1%          1
 Sting                    Tmut/Pois      100%       1d8       1%          1
 Summon Small Mammal      Summ           100%       N/A       1%          1
 Blink                    Tloc           100%       N/A       1%          2
 Call Imp                 Summ           78%        N/A       1%          2
 Scorch                   Fire           92%        2d10      1%          2
 Searing Ray              Conj           100%       2d8       1%          2
 Wereblood                Tmut           61%        N/A       1%          2
 Call Canine Familiar     Summ           78%        N/A       1%          3
 Confusing Touch          Hex            61%        N/A       1%          3
 Gell's Gravitas          Tloc           77%        N/A       1%          3
 Kindle Blastsparks       Fire/Tloc/Air  100%       2d18      1%          3
 Lesser Beckoning         Tloc           100%       N/A       1%          3
 Mephitic Cloud           Conj/Pois/Air  45%        N/A       1%          3
 Portal Projectile        Hex/Tloc       100%       N/A       1%          3
 Stone Arrow              Conj/Erth      100%       3d13      1%          3
 Teleport Other           Tloc           77%        N/A       1%          3
 Tukima's Dance           Hex            61%        N/A       1%          3
 Poisonous Vapours        Pois/Air       40%        N/A       2%          2
 Spider Form              Tmut/Pois      44%        N/A       2%          3
 Necrotise                Necr           80%        1d8       6%          1
 Ozocubu's Armour         Ice            20%        N/A       16%         3
 Swiftness                Air            20%        N/A       16%         3
 Vampiric Draining        Necr           20%        2d7       16%         3
 Animate Armour           Summ/Erth      100%       N/A       1%          4
 Cause Fear               Hex            30%        N/A       1%          4
 Fulminant Prism          Conj/Hex       34%        3d16      1%          4
 Leda's Liquefaction      Hex/Erth       46%        N/A       1%          4
 Manifold Assault         Tloc           77%        N/A       1%          4
 Blade Hands              Tmut           30%        N/A       4%          5
 Orb of Destruction       Conj           38%        9d11      4%          7
 Freezing Cloud           Conj/Ice/Air   22%        6-21      7%          5
 Conjure Ball Lightning   Conj/Air       27%        3x3d9     13%         6
 Airstrike                Air            10%        2d(2-18)  14%         4
 Olgreb's Toxic Radiance  Pois           20%        N/A       14%         4
 Lehudib's Crystal Spear  Conj/Erth      50%        10d12     19%         8
 Metabolic Englaciation   Hex/Ice        22%        N/A       24%         5
 Animate Dead             Necr           20%        N/A       45%         4
 Dispel Undead            Necr           20%        3d11      45%         4
 Dragon Form              Tmut           30%        N/A       71%         7
 Enfeeble                 Hex            30%        N/A       71%         7
 Agony                    Necr           20%        N/A       80%         5
 Haunt                    Necr/Summ      28%        N/A       89%         7
 Storm Form               Tmut/Air       22%        N/A       99%         7
 Simulacrum               Ice/Necr       10%        N/A       100%        6
 Ozocubu's Refrigeration  Ice            10%        4d9       100%        7
 Borgnjor's Revivificati  Necr           10%        N/A       100%        8
 Discord                  Hex            30%        N/A       100%        8
 Infestation              Necr           10%        N/A       100%        8
 Necromutation            Tmut/Necr      22%        N/A       100%        8
 Death's Door             Necr           10%        N/A       100%        9
 Polar Vortex             Ice            10%        N/A       100%        9
 Sublimation of Blood     Necr           Unusable   N/A       N/A         2
 Statue Form              Tmut/Erth      Unusable   N/A       N/A         6

Dungeon Overview and Level Annotations

Branches:
Dungeon (15/15)            Temple (1/1) D:7            Lair (5/5) D:8
  Swamp (4/4) Lair:3        Snake (4/4) Lair:2        Slime (3/5) Lair:5
    Orc (2/2) D:12            Elf (3/3) Orc:2        Vaults (5/5) D:13
  Crypt (2/3) Vaults:3     Depths (3/4) D:15           Hell (visited)
 Bailey (visited)           IceCv (visited)         Gauntlet (visited)
    Dis: Hell:1         Geh: Hell:1         Coc: Hell:1         Tar: Hell:1

Altars:
Ashenzari
Cheibriados
Dithmenos
Elyvilon
Fedhas
Gozag
Hepliaklqana
Kikubaaqudgha
Makhleb
Nemelex Xobeh
Okawaru
Qazlal
Ru
Sif Muna
Trog
Uskayaw
Vehumet
Wu Jian
Xom
Yredelemnul
Zin
The Shining One
Jiyva

Shops:
D:8 *?[[(   Orc:2 [*((   Snake:1 [[(!   Snake:2 *   Snake:4 *   Vaults:4 *

Portals:
Hell: Depths:1 Depths:2
Pandemonium: Depths:1 Depths:2

Annotations:
Crypt:2 Vv
Hell Geryon


Innate Abilities, Weirdness & Mutations

You are immune to sickness and miasma.
Your stone body is resilient. (AC +18)
You are immune to poison.
Your large and strong wings let you fly.
You resist negative energy. (rN+)
You are resistant to electric shocks. (rElec)
You are resistant to unholy torment.
You are immune to petrification.
You have sharp toenails.
You expend magic power (3 MP) to strengthen your wands.


Message History

The caustic shrike barely misses you. The caustic shrike claws you!
You are splashed with acid.
You resist.
* * * LOW HITPOINT WARNING * * *
Okay, then.
The caustic shrike attacks as you move away!
The caustic shrike claws you but does no damage.
The caustic shrike attacks as you move away!
The caustic shrike claws you!
* * * LOW HITPOINT WARNING * * *
You are splashed with acid.
You resist.
* * * LOW HITPOINT WARNING * * *
Found a scroll of teleportation.
Your eldritch tentacle barely misses the caustic shrike.
Your eldritch tentacle claws the caustic shrike!
Your eldritch tentacle freezes the caustic shrike!
The caustic shrike resists.
The caustic shrike claws you but does no damage.
You block the caustic shrike's attack.
Casting: Malign Gateway (dangerous; 12% risk of failure)
Confirm with . or Enter, or press ? or * to list all spells.
You summon a servant imbued with your destructive magic!
The caustic shrike claws you but does no damage.
The caustic shrike claws you!!
* * * LOW HITPOINT WARNING * * *
You are splashed with acid.
You resist.
* * * LOW HITPOINT WARNING * * *
The caustic shrike claws you.
* * * LOW HITPOINT WARNING * * *
You are splashed with acid.
You resist.
* * * LOW HITPOINT WARNING * * *
Your eldritch tentacle closely misses the caustic shrike.
Your eldritch tentacle claws the caustic shrike!!
The caustic shrike is engulfed in flames!
The caustic shrike resists.
The caustic shrike dies!
Vehumet accepts your kill. You block the caustic shrike's attack.
The stone giant hits your eldritch tentacle!!
The caustic shrike claws you.
You die...

##############
.............#
#..............#
#...(..........+
#..............#
#..............#
#.......†.C....#
#........wb....#
#........@†....#
#...<...b.9....#
#..............#
#..............#
#...^..........#
+..............#
#..............+
#.........<.?..#
#...........


You could see 2 caustic shrikes, a stone giant (ally target), a friendly
eldritch tentacle and a friendly spellforged servitor (summoned).

Vanquished Creatures
  A dread lich (Abyss:4)
  An ancient lich (Vaults:5)
  Xtahua (Vaults:3)
  A bone dragon (Abyss:3)
  3 tentacled monstrosities
  4 nameless horrors
  A walking earthen tome (Depths:2)
  Jorgrun (D:14)
  3 liches
  A deep elf blademaster (Elf:3)
  6 acid blobs
  4 eldritch tentacles
  2 tentacled starspawn
  Frances (Swamp:2)
  2 tengu reavers
  A sphinx (Vaults:3)
  A shadow dragon (Vaults:4)
  7 nagarajas
  4 fire giants
  An azure jelly (Slime:1)
  6 vault wardens
  2 frost giants
  Aizul (Vaults:1)
  A juggernaut zombie (D:15)
  A balrug (Abyss:4)
  2 deep elf elementalists (Elf:3)
  4 ironbound preservers
  An angel (Abyss:4)
  An orc warlord (Bailey)
  4 very ugly things
  2 ghouls (Crypt:2)
  A caustic shrike skeleton (Crypt:2)
  7 ironbound thunderhulks
  A quicksilver ooze (Slime:1)
  2 stone giants
  2 vampire knights
  2 war gargoyles
  The ghost of logorrheac the Severer, a journeyman MiBe of Trog (Swamp:1)
  2 eleionomae
  Nessos (Lair:3)
  2 spark wasps (Depths:2)
  5 deep elf demonologists
  The ghost of LnG the Unseen, a journeyman KoSu of Dithmenos (D:14)
  5 bunyips
  6 dire elephants
  3 eidola
  4 deep elf death magi
  2 crystal guardians
  4 jiangshi (Crypt:1)
  A deep elf high priest (D:14)
  5 yaktaur captains
  2 entropy weavers
  2 great orbs of eyes (Vaults:2)
  3 fire dragons
  The ghost of coraxio the Covert, a journeyman AtMo of Cheibriados (D:12)
  3 peacekeepers
  A spriggan zombie (Crypt:1)
  Harold (D:9)
  3 ice dragons
  3 salamander tyrants
  A rakshasa (Abyss:4)
  A hell beast (Gauntlet)
  7 vault guards
  5 catoblepae
  2 ghost crabs
  4 ogre magi
  8 anacondas
  22 hydras
  15 centaur warriors
  10 ironbound frosthearts
  2 boulder beetles
  Erica (D:8)
  8 alligators
  A bennu zombie (Crypt:2)
  An alligator (shapeshifter) (Depths:2)
  A deep troll earth mage (Depths:2)
  A death knight (D:13)
  Urug (Orc:1)
  An Orb Guardian skeleton (Crypt:2)
  17 two-headed ogres
  13 naga warriors
  2 sun demons
  A thrashing horror (Abyss:4)
  10 dancing weapons
  3 soul eaters
  7 shock serpents
  7 tengu warriors
  5 vampire magi
  18 death yaks
  20 naga sharpshooters
  8 spriggans
  2 spriggan berserkers
  12 deep elf knights
  6 hell knights (Abyss:3)
  Amaemon (Lair:1)
  3 goliath frogs
  A wretched star (Abyss:3)
  A sea snake (shapeshifter) (D:13)
  An iron troll (Depths:2)
  A shadow wraith (Abyss:4)
  A salamander mystic (Snake:4)
  6 skeletal warriors
  2 glowing orange brains
  3 bog bodies
  13 deep trolls
  4 flayed ghosts
  12 swamp dragons
  2 cherubim (D:13)
  5 naga ritualists
  4 ironbound convokers
  3 shadow dragon zombies
  An obsidian statue (Snake:3)
  A spriggan druid (Swamp:4)
  2 orange crystal statues
  8 wizards
  A wolf spider (D:15)
  18 deep elf pyromancers
  3 phantasmal warriors
  6 deep elf archers
  An iron dragon zombie (Crypt:1)
  4 lindwurms
  A bunyip skeleton (Crypt:1)
  2 orc knights
  18 deep elf zephyrmancers
  A mana viper (shapeshifter) (D:13)
  17 ugly things
  3 necromancers
  2 orc sorcerers
  9 cyclopes
  A shadow dragon skeleton (Crypt:2)
  9 mana vipers
  A will-o-the-wisp (Swamp:3)
  6 manticores
  2 shining eyes
  9 elephants
  12 salamanders
  A stone giant skeleton (D:15)
  2 ice statues (IceCv)
  18 black mambas
  Maurice (D:9)
  6 guardian serpents
  16 naga magi
  An orange demon (Lair:1)
  10 vault sentinels
  2 torpor snails (Lair:5)
  A gargoyle (D:13)
  Maggie (Lair:1)
  A demonic crawler (Abyss:3)
  10 cane toads
  3 efreet
  7 komodo dragons
  2 freezing wraiths (Crypt:1)
  10 rime drakes
  A kobold demonologist (D:11)
  24 yaktaurs
  A black draconian zombie (Crypt:1)
  A swamp worm zombie (Crypt:1)
  3 tengu conjurers
  6 trolls
  A polar bear (Lair:2)
  9 hornets
  11 tyrant leeches
  An ettin zombie (D:15)
  50 slime creatures
  6 dream sheep (Lair:5)
  2 raiju
  13 blink frogs
  3 large abominations
  2 centaur simulacra
  2 shadows
  An air elemental (Elf:1)
  2 vampires (D:13)
  2 fire elementals
  6 wraiths
  6 basilisks
  57 yaks
  Eustachio (D:4)
  7 wyverns
  A fire bat (shapeshifter) (Elf:2)
  A neqoxec (Abyss:3)
  2 steam dragons (D:8)
  4 redbacks
  4 vampire mosquitoes (D:13)
  12 swamp worms
  Edmund (D:5)
  31 nagas
  An acid dragon (shapeshifter) (D:14)
  7 wargs
  An acid dragon (D:11)
  14 water moccasins
  3 hell hounds (D:15)
  A floating eye (Depths:1)
  8 swamp drakes
  28 orc warriors
  An ice beast (D:6)
  A snapping turtle skeleton (Crypt:1)
  9 centaurs
  24 ogres
  7 small abominations
  5 wolves
  A phantom (D:4)
  A draconian zombie (Crypt:2)
  8 kobold brigands
  7 bullfrogs
  3 scorpions
  2 necrophages (Crypt:2)
  An earth elemental (Elf:1)
  A gnoll sergeant (D:7)
  A wyvern skeleton (Crypt:1)
  5 wights (D:6)
  2 lindwurm simulacra (IceCv)
  6 electric eels
  7 howler monkeys
  A crimson imp (D:7)
  5 lava snakes (Lair:3)
  3 starcursed masses (Abyss:3)
  6 komodo dragon simulacra (IceCv)
  6 hounds
  12 orc priests
  14 jellies (Lair:5)
  2 iguanas (D:6)
  Ijyb (D:4)
  Jessica (D:2)
  2 hell rats (D:15)
  17 orc wizards
  10 gnolls
  8 acid dragon simulacra (IceCv)
  6 adders
  A shadow imp (D:7)
  15 white imps
  5 steam dragon simulacra (IceCv)
  An ufetubus (D:7)
  3 worms
  2 dart slugs
  69 orcs
  4 bats
  6 endoplasms
  13 giant cockroaches
  11 goblins
  12 hobgoblins
  13 jackals
  2 quokkas
  8 ball pythons
  4 frilled lizards
  28 kobolds
  4 rats
  A starspawn tentacle (Abyss:3)
1388 creatures vanquished.

Vanquished Creatures (collateral kills)
  A juggernaut (Depths:2)
  the Lernaean hydra (Swamp:4)
  Saint Roka (Depths:1)
  3 caustic shrikes (Depths:3)
  A golden dragon (Depths:2)
  A bone dragon (Abyss:3)
  A lich (Depths:2)
  2 deep elf blademasters
  3 titans
  2 deep elf master archers (Elf:3)
  5 eldritch tentacles
  2 tentacled starspawn
  2 sphinxes
  A storm dragon (Depths:2)
  2 tengu reavers
  A revenant (Crypt:2)
  8 vault wardens
  2 fire giants
  A rockslime (Slime:2)
  2 iron dragons (Depths:2)
  5 deep elf sorcerers (Elf:3)
  3 deep elf elementalists (Elf:3)
  A ghoul (Crypt:2)
  2 orc warlords
  5 stone giants
  3 ironbound preservers
  4 very ugly things (Depths:2)
  A reaper (Crypt:2)
  A vampire knight (Depths:2)
  A deep elf demonologist (Elf:3)
  8 deep elf annihilators
  6 spark wasps (Depths:2)
  A minotaur (Gauntlet)
  A dire elephant (Vaults:2)
  7 deep elf death magi
  A crystal guardian (Vaults:2)
  2 ettins
  6 fire dragons (Depths:1)
  A green death (Depths:1)
  2 yaktaur captains
  A shambling mangrove (Swamp:4)
  A quicksilver dragon zombie (Crypt:2)
  2 great orbs of eyes
  24 vault guards
  2 rakshasas
  An ogre mage (Orc:2)
  2 ice dragons (Depths:1)
  2 hydras (Swamp:4)
  A ghost crab (Swamp:4)
  An anaconda (shapeshifter) (Vaults:5)
  4 centaur warriors
  2 catoblepae
  A death knight (D:13)
  2 ironbound frosthearts
  13 dancing weapons
  A deep troll earth mage (Vaults:5)
  4 two-headed ogres
  3 thrashing horrors (Abyss:4)
  A spriggan berserker (Depths:2)
  11 deep elf knights
  2 skeletal warriors
  An orc high priest (Vaults:4)
  A fire crab (Gauntlet)
  Nergalle (Lair:2)
  A sixfirhy (Abyss:3)
  A soul eater (Abyss:3)
  10 deep trolls
  2 flayed ghosts
  8 deep elf archers
  9 orc knights
  4 ironbound convokers
  3 lindwurms
  2 wizards
  2 necromancers
  A tengu zombie (Depths:1)
  4 phantasmal warriors
  9 deep elf pyromancers
  13 deep elf zephyrmancers
  20 ugly things
  A human zombie (Vaults:5)
  A stone giant zombie (Depths:1)
  A wolf spider (D:15)
  3 manticores
  A tengu skeleton (Vaults:5)
  18 slime creatures
  A human skeleton (Vaults:5)
  4 black mambas
  2 cyclopes
  2 apocalypse crabs (Abyss:4)
  3 vault sentinels
  A cane toad (Lair:1)
  2 smoke demons (Abyss:4)
  3 rime drakes (D:15)
  7 yaktaurs
  A freezing wraith (Crypt:2)
  An efreet (Abyss:4)
  A golden dragon simulacrum (Depths:1)
  An unseen horror skeleton (Crypt:1)
  A spriggan skeleton (Depths:1)
  2 blink frogs (Lair:2)
  A tarantella (shapeshifter) (Abyss:3)
  A ynoxinul (Abyss:3)
  5 yaks
  2 starcursed masses (Abyss:3)
  A basilisk (Lair:2)
  2 fire bats (Gauntlet)
  A hog (shapeshifter) (D:14)
  A fire elemental (Elf:2)
  2 redbacks
  A swamp worm (Swamp:4)
  A water moccasin (Lair:1)
  A floating eye (shapeshifter) (Vaults:3)
  A swamp drake (Swamp:4)
  13 orc warriors
  A snapping turtle zombie (Crypt:1)
  5 ogres
  A small abomination (Abyss:4)
  A wolf (Lair:1)
  2 bullfrogs
  2 necrophages (Crypt:2)
  An earth elemental (Elf:3)
  A shapeshifter skeleton (Crypt:2)
  5 orc priests (Vaults:4)
  An iron imp (Abyss:3)
  An ogre zombie (Crypt:1)
  2 orcs
  A bat zombie (Crypt:1)
  A kobold zombie (Crypt:2)
  4 starspawn tentacles
395 creatures vanquished.

Vanquished Creatures (others)
  36 eldritch tentacles
  2 deep elf knights (Elf:2)
  A kobold (D:9)
  A bush (Lair:5)
  87 fungi
  98 plants
  15 starspawn tentacles
  9 withered plants (D:15)
249 creatures vanquished.

Grand Total: 2032 creatures vanquished

Notes
Turn   | Place    | Note
-------+----------+-------------------------------------------
     0 | D:1      | NinjaNoafa the Gargoyle Earth Elementalist began the quest
                  | for the Orb.
     0 | D:1      | Reached XP level 1. HP: 10/10 MP: 3/3
   270 | D:1      | Reached skill level 1 in Transmutations
   371 | D:1      | Reached XP level 2. HP: 15/15 MP: 3/5
  1132 | D:2      | Noticed Jessica
  1137 | D:2      | Killed Jessica
  1138 | D:2      | Reached XP level 3. HP: 6/19 MP: 0/6
  1293 | D:2      | Found a faded altar of an unknown god.
  1450 | D:2      | Found a glowing silver altar of Zin.
  1463 | D:2      | Learned a level 2 spell: Passwall
  1511 | D:2      | Reached XP level 4. HP: 21/24 MP: 3/8
  2452 | D:3      | Got Misohake's Catalogue of Fiery Reformation
  2496 | D:3      | Found a blossoming altar of Fedhas.
  2988 | D:3      | Reached XP level 5. HP: 28/28 MP: 4/9
  3330 | D:3      | Reached skill level 5 in Earth Magic
  3827 | D:4      | Learned a level 3 spell: Stone Arrow
  3863 | D:4      | Noticed a kobold brigand
  3867 | D:4      | Killed a kobold brigand
  3868 | D:4      | Reached skill level 1 in Conjurations
  3868 | D:4      | Reached XP level 6. HP: 32/32 MP: 4/11
  3944 | D:4      | Noticed Ijyb
  3954 | D:4      | Killed Ijyb
  4129 | D:4      | Noticed Eustachio
  4139 | D:4      | Killed Eustachio
  4140 | D:4      | Reached XP level 7. HP: 36/36 MP: 7/12
  4412 | D:4      | Found a hide-covered altar of Uskayaw.
  4737 | D:5      | Entered Level 5 of the Dungeon
  4815 | D:5      | Reached skill level 5 in Conjurations
  4926 | D:5      | Found an iron altar of Okawaru.
  5246 | D:5      | Noticed Edmund
  5262 | D:5      | Killed Edmund
  5263 | D:5      | Reached skill level 1 in Fighting
  6278 | D:6      | Reached skill level 1 in Armour
  6487 | D:6      | Reached skill level 1 in Evocations
  6487 | D:6      | Reached XP level 8. HP: 45/45 MP: 13/13
  7312 | D:6      | Reached skill level 1 in Summonings
  7423 | D:6      | Found a glowing golden altar of the Shining One.
  7777 | D:7      | Found a staircase to the Ecumenical Temple.
  7816 | D:7      | Reached XP level 9. HP: 45/50 MP: 15/15
  7834 | Temple   | Entered the Ecumenical Temple
  8048 | Temple   | Became a worshipper of Vehumet
  8950 | D:7      | Reached skill level 5 in Spellcasting
  9157 | D:8      | Found Qyekag's Weapon Shop.
  9261 | D:8      | Found an ornate altar of the Wu Jian Council.
  9393 | D:8      | Noticed a troll
  9416 | D:8      | Found Eluhec's Armour Shoppe.
  9425 | D:8      | Bought the +1 pair of boots of Loss {rF- rC+ Regen+ Dex+4}
                  | for 298 gold pieces
  9436 | D:8      | Reached skill level 1 in Shields
  9449 | D:8      | Reached * piety under Vehumet
  9449 | D:8      | Offered knowledge of Kiss of Death by Vehumet.
  9454 | D:8      | Found Xarigh's Magic Scroll Shop.
  9455 | D:8      | Bought a scroll of identify for 26 gold pieces
  9455 | D:8      | Bought a scroll of identify for 26 gold pieces
  9455 | D:8      | Bought a scroll of fog for 52 gold pieces
  9477 | D:8      | Found a flagged portal.
  9477 | D:8      | Noticed Erica
  9488 | D:8      | Killed Erica
  9496 | D:8      | Reached XP level 10. HP: 58/58 MP: 18/19
  9509 | D:8      | Reached skill level 5 in Fighting
  9509 | D:8      | Reached skill level 5 in Armour
  9539 | Bailey   | Entered a bailey
  9677 | Bailey   | Gained mutation: You are dopey. (Int -2) [potion of
                  | mutation]
  9677 | Bailey   | Gained mutation: You have large cloven feet. [potion of
                  | mutation]
  9677 | Bailey   | Gained mutation: You are partially covered in iridescent
                  | scales. (AC +2) [potion of mutation]
  9678 | Bailey   | Lost mutation: You are dopey. (Int -2) [potion of mutation]
  9678 | Bailey   | Lost mutation: You have large cloven feet. [potion of
                  | mutation]
  9678 | Bailey   | Gained mutation: Your mind is acute. (Int +4, Str/Dex -1)
                  | [potion of mutation]
  9678 | Bailey   | Gained mutation: You are mostly covered in iridescent
                  | scales. (AC +4) [potion of mutation]
  9686 | Bailey   | Noticed an orc warlord
  9902 | Bailey   | Reached skill level 5 in Shields
 10044 | Bailey   | Found a runed translucent gate.
 10044 | Bailey   | Found a runed translucent gate.
 10044 | Bailey   | Found a runed translucent gate.
 10261 | Bailey   | Killed an orc warlord
 10455 | D:8      | Found a staircase to the Lair.
 10640 | D:8      | Found Buazi's General Store.
 10645 | D:8      | Bought a scroll of identify for 28 gold pieces
 10743 | D:8      | Found Tunumu's Antique Armour Boutique.
 10925 | D:9      | Noticed Harold
 10929 | D:9      | Killed Harold
 11005 | D:9      | Noticed Maurice
 11028 | D:9      | Killed Maurice
 11299 | D:9      | Offered knowledge of Searing Ray by Vehumet.
 11299 | D:9      | Reached ** piety under Vehumet
 11311 | D:9      | Learned a level 2 spell: Searing Ray
 11621 | D:9      | Reached XP level 11. HP: 64/64 MP: 20/21
 12223 | Lair:1   | Entered Level 1 of the Lair of Beasts
 12235 | Lair:1   | Learned a level 3 spell: Call Canine Familiar
 12238 | Lair:1   | Learned a level 2 spell: Call Imp
 12322 | Lair:1   | Noticed Maggie
 12330 | Lair:1   | Killed Maggie
 12767 | Lair:1   | Offered knowledge of Static Discharge by Vehumet.
 12770 | Lair:1   | Acquired an amulet of magic regeneration
 12803 | Lair:1   | Noticed Amaemon
 12836 | Lair:1   | Killed Amaemon
 12841 | Lair:1   | Reached *** piety under Vehumet
 13437 | Lair:1   | Reached XP level 12. HP: 72/72 MP: 24/24
 13444 | Lair:1   | Learned a level 5 spell: Lee's Rapid Deconstruction
 13698 | Lair:1   | Reached skill level 10 in Earth Magic
 13825 | Lair:2   | Learned a level 4 spell: Petrify
 13830 | Lair:2   | Learned a level 4 spell: Animate Armour
 13891 | Lair:2   | Found a staircase to the Snake Pit.
 13903 | Lair:2   | Reached skill level 5 in Summonings
 13913 | Lair:2   | Reached skill level 1 in Long Blades
 14017 | Lair:2   | Offered knowledge of Olgreb's Toxic Radiance by Vehumet.
 14313 | Lair:2   | Noticed a catoblepas
 14327 | Lair:2   | Identified the +1 robe "Utots" {Will+ Dex+3}
 14394 | Lair:2   | Killed a catoblepas
 14757 | Lair:2   | Noticed Nergalle
 14773 | Lair:2   | Killed Nergalle
 15091 | Lair:3   | Noticed a death yak
 15092 | Lair:3   | Noticed a death yak
 15092 | Lair:3   | Noticed a death yak
 15092 | Lair:3   | Noticed a death yak
 15303 | Lair:3   | Noticed Nessos
 15313 | Lair:3   | Noticed a death yak
 15314 | Lair:3   | Noticed a death yak
 15314 | Lair:3   | Noticed a death yak
 15315 | Lair:3   | Noticed a death yak
 15317 | Lair:3   | Noticed a death yak
 15318 | Lair:3   | Noticed a death yak
 15320 | Lair:3   | Killed Nessos
 15360 | Lair:3   | Noticed a seven-headed hydra
 15567 | Snake:1  | Entered Level 1 of the Snake Pit
 15589 | Snake:1  | Noticed a naga warrior
 15742 | Snake:1  | Noticed a naga sharpshooter
 15742 | Snake:1  | Noticed a naga sharpshooter
 15771 | Snake:1  | Reached skill level 1 in Staves
 15825 | Snake:1  | Found a white marble altar of Elyvilon.
 15848 | Snake:1  | Noticed a naga warrior
 15849 | Snake:1  | Found Hoiren's Distillery.
 15849 | Snake:1  | Found Pyun Ato's Antique Armour Shoppe.
 15872 | Snake:1  | Killed a naga warrior
 15876 | Snake:1  | Noticed a naga warrior
 15954 | Lair:2   | Killed a naga warrior
 16188 | Snake:1  | Found Citumet's Antique Weapon Emporium.
 16188 | Snake:1  | Found Kiheer's Antique Armour Shoppe.
 16193 | Snake:1  | Bought an ichor-stained leather armour for 273 gold pieces
 16193 | Snake:1  | Identified the +1 leather armour of Conscience {Will- MP+9
                  | Str+5 Int+3} (You bought it in a shop on level 1 of the
                  | Snake Pit)
 16213 | Snake:1  | Noticed a shock serpent
 16227 | Snake:1  | Killed a shock serpent
 16359 | Snake:1  | Noticed a naga sharpshooter
 16372 | Snake:1  | Reached XP level 13. HP: 76/76 MP: 26/26
 16404 | Snake:1  | Reached skill level 10 in Shields
 16445 | Snake:1  | Reached **** piety under Vehumet
 17006 | Lair:3   | Reached skill level 5 in Evocations
 17022 | Lair:3   | Offered knowledge of Irradiate by Vehumet.
 17213 | D:10     | Entered Level 10 of the Dungeon
 17442 | Snake:2  | Noticed a nagaraja
 17464 | Snake:2  | Killed a nagaraja
 17548 | Snake:2  | Reached skill level 5 in Staves
 17632 | Snake:2  | Reached skill level 10 in Armour
 17846 | Snake:2  | Found Miubaa's Assorted Antiques.
 17984 | Lair:3   | Gained mutation: Your large and strong wings let you fly.
                  | [Gargoyle growth]
 17984 | Lair:3   | Reached XP level 14. HP: 82/82 MP: 27/27
 18269 | Lair:3   | Found a staircase to the Swamp.
 19224 | D:10     | Identified the +0 flail of Skirmishing {flame, *Slow rC-
                  | Will++ Int+10}
 19305 | D:10     | Found a stormy altar of Qazlal.
 19535 | D:10     | Found a faded altar of an unknown god.
 19535 | D:10     | Found a faded altar of an unknown god.
 19552 | D:10     | Found a hazy altar of Hepliaklqana.
 19554 | D:10     | Found a shimmering blue altar of Sif Muna.
 19556 | D:10     | Found a burning altar of Makhleb.
 19625 | D:10     | Found a bloodstained altar of Trog.
 19919 | D:11     | Found a frozen archway.
 19928 | D:11     | Reached ***** piety under Vehumet
 19928 | D:11     | Offered knowledge of Spellforged Servitor by Vehumet.
 19981 | IceCv    | Entered an ice cave
 21412 | Snake:1  | Bought a pair of embroidered gloves for 232 gold pieces
 21526 | D:8      | Bought a +2 helmet of see invisible for 258 gold pieces
 21556 | D:8      | Bought a scroll of identify for 26 gold pieces
 21556 | D:8      | Bought a scroll of enchant armour for 97 gold pieces
 21950 | D:12     | Found a runed translucent gate.
 21951 | D:12     | Found a runed translucent gate.
 21952 | D:12     | Found a runed translucent gate.
 21955 | D:12     | Noticed coraxio's ghost (journeyman AtMo)
 22233 | D:12     | Found a staircase to the Orcish Mines.
 22584 | D:12     | Reached skill level 10 in Spellcasting
 23010 | D:12     | Killed coraxio's ghost
 23127 | D:13     | Found a runed translucent door.
 23258 | D:13     | Reached XP level 15. HP: 58/88 MP: 30/30
 23349 | D:13     | Learned a level 7 spell: Spellforged Servitor
 23499 | D:13     | Found a gate to the Vaults.
 23532 | D:13     | Found a runed translucent door.
 23806 | D:13     | Learned a level 4 spell: Leda's Liquefaction
 24357 | Orc:1    | Entered Level 1 of the Orcish Mines
 24360 | Orc:1    | Reached skill level 1 in Hexes
 24438 | Orc:1    | Offered knowledge of Iskenderun's Battlesphere by Vehumet.
 24484 | Orc:1    | Noticed Urug
 24490 | Orc:1    | Killed Urug
 24673 | Orc:2    | Entered Level 2 of the Orcish Mines
 24757 | Orc:2    | Found a staircase to the Elven Halls.
 24988 | Orc:2    | Paralysed by an ogre mage for 4 turns
 25039 | Orc:2    | Reached skill level 5 in Hexes
 25206 | Orc:1    | Reached skill level 5 in Transmutations
 25271 | Orc:1    | Acquired 1061 gold pieces
 25535 | Snake:2  | Bought a runed cloak for 322 gold pieces
 25566 | Snake:1  | Bought a potion of heal wounds for 70 gold pieces
 25566 | Snake:1  | Bought a potion of curing for 42 gold pieces
 25566 | Snake:1  | Bought a potion of curing for 42 gold pieces
 25566 | Snake:1  | Bought a potion of cancellation for 112 gold pieces
 25566 | Snake:1  | Bought 2 potions of lignification for 84 gold pieces
 25566 | Snake:1  | Bought a potion of heal wounds for 70 gold pieces
 25612 | Snake:2  | Bought a potion of curing for 129 gold pieces
 25612 | Snake:2  | Bought a scroll of teleportation for 129 gold pieces
 25612 | Snake:2  | Bought a potion of curing for 129 gold pieces
 25751 | D:8      | Bought a potion of might for 56 gold pieces
 25751 | D:8      | Bought a scroll of poison for 56 gold pieces
 25751 | D:8      | Bought a scroll of magic mapping for 105 gold pieces
 25769 | D:8      | Bought a scroll of immolation for 52 gold pieces
 25923 | D:13     | Noticed a nameless horror
 25950 | D:13     | Offered knowledge of Eringya's Noxious Bog by Vehumet.
 25952 | D:13     | Killed a nameless horror
 26390 | Swamp:1  | Entered Level 1 of the Swamp
 27090 | Lair:4   | Reached XP level 16. HP: 93/93 MP: 32/32
 27225 | Lair:4   | Reached skill level 1 in Translocations
 27529 | Lair:5   | Entered Level 5 of the Lair of Beasts
 27630 | Lair:5   | Found a staircase to the Slime Pits.
 27677 | Lair:5   | Found a viscous altar of Jiyva.
 27704 | Lair:5   | Reached skill level 5 in Translocations
 27809 | Lair:4   | Learned a level 3 spell: Teleport Other
 27814 | Lair:4   | Learned a level 4 spell: Iskenderun's Mystic Blast
 27819 | Lair:4   | Learned a level 4 spell: Passage of Golubria
 28260 | Lair:5   | Reached ****** piety under Vehumet
 28260 | Lair:5   | Offered knowledge of Iron Shot by Vehumet.
 28469 | Lair:5   | Identified the +5 chain mail of the Bells {rElec rF++ rC+
                  | rN+}
 29834 | Swamp:1  | Found a runed translucent door.
 29841 | Swamp:1  | Noticed logorrheac's ghost (journeyman MiBe)
 30339 | Swamp:1  | Killed logorrheac's ghost
 30420 | Swamp:1  | Got Resat's Incunabulum of Direction
 30455 | Swamp:1  | Learned a level 6 spell: Iron Shot
 30674 | Swamp:2  | Noticed Frances
 30680 | Swamp:2  | Killed Frances
 31266 | Snake:3  | Reached XP level 17. HP: 100/100 MP: 12/33
 31992 | Swamp:3  | Offered knowledge of Fireball by Vehumet.
 32184 | Swamp:4  | Entered Level 4 of the Swamp
 32388 | Snake:3  | Found a broken altar of Ashenzari.
 32422 | Snake:3  | Reached skill level 10 in Translocations
 32515 | Snake:3  | Identified the ring of Byat {rPois rC+ Will+ rCorr SInv}
 32525 | Snake:3  | Identified the ring "Vidysm" {Wiz rF+++ Will+ Str-2}
 32942 | Snake:3  | Identified the +8 scale mail of Duty {Drain rN+ Regen+}
 32961 | Snake:3  | Found a transporter.
 33024 | Snake:3  | Found a transporter.
 33235 | Snake:4  | Entered Level 4 of the Snake Pit
 33704 | Snake:4  | Found Qiablem's General Store.
 33930 | Snake:4  | Bought a lightning rod (4/4) for 420 gold pieces
 33930 | Snake:4  | Bought a scroll of teleportation for 42 gold pieces
 34015 | Snake:4  | Reached skill level 10 in Conjurations
 34339 | Snake:4  | Offered knowledge of Lightning Bolt by Vehumet.
 34612 | Snake:4  | Reached XP level 18. HP: 105/105 MP: 34/34
 34938 | Snake:4  | Got a serpentine rune of Zot
 35664 | Orc:2    | Found Leagowin's Armour Boutique.
 35664 | Orc:2    | Found Puschoj's Antique Weapon Emporium.
 35665 | Orc:2    | Found Uzisuhux's General Store.
 35665 | Orc:2    | Found Wiclak's Weapon Shop.
 35695 | Orc:2    | Bought a scroll of fog for 56 gold pieces
 35695 | Orc:2    | Bought a wand of acid (4) for 235 gold pieces
 35695 | Orc:2    | Bought a box of beasts for 560 gold pieces
 36041 | D:13     | Learned a level 5 spell: Yara's Violent Unravelling
 36323 | D:14     | Offered knowledge of Maxwell's Capacitive Coupling by
                  | Vehumet.
 36520 | D:14     | Found a runed translucent gate.
 36521 | D:14     | Found a runed translucent gate.
 36563 | D:14     | Noticed Jorgrun
 36570 | D:14     | Killed Jorgrun
 36880 | D:14     | Noticed LnG's ghost (journeyman KoSu)
 36886 | D:14     | Found a runed translucent gate.
 37316 | D:15     | Entered Level 15 of the Dungeon
 37347 | D:15     | Found a gate leading to a gauntlet.
 37364 | Gauntlet | Entered a Gauntlet
 37364 | Gauntlet | Found a transporter.
 37364 | Gauntlet | Found a transporter.
 37364 | Gauntlet | Found a transporter.
 37368 | Gauntlet | Found a transporter.
 37369 | Gauntlet | Found a transporter.
 37380 | Gauntlet | Found a transporter.
 37382 | Gauntlet | Found a transporter.
 37384 | Gauntlet | Found a large runed translucent door.
 37385 | Gauntlet | Found a large runed translucent door.
 37386 | Gauntlet | Found a large runed translucent door.
 37386 | Gauntlet | Found a large runed translucent door.
 37386 | Gauntlet | Found a runed translucent door.
 37386 | Gauntlet | Found a runed translucent door.
 37387 | Gauntlet | Found a large runed translucent door.
 37388 | Gauntlet | Found a large runed translucent door.
 37389 | Gauntlet | Found a large runed translucent door.
 37389 | Gauntlet | Found a large runed translucent door.
 37399 | Gauntlet | Found a runed translucent gate.
 37399 | Gauntlet | Found a runed translucent gate.
 37399 | Gauntlet | Found a runed translucent gate.
 37401 | Gauntlet | Found a transporter.
 37412 | Gauntlet | Found a large runed translucent door.
 37413 | Gauntlet | Found a large runed translucent door.
 37414 | Gauntlet | Found a large runed translucent door.
 37421 | Gauntlet | Found a large runed translucent door.
 37423 | Gauntlet | Found a large runed translucent door.
 37423 | Gauntlet | Found a large runed translucent door.
 37424 | Gauntlet | Found a large runed translucent door.
 37425 | Gauntlet | Found a large runed translucent door.
 37493 | Gauntlet | Found a transporter.
 37507 | Gauntlet | Found a transporter.
 37509 | Gauntlet | Found a transporter.
 37519 | Gauntlet | Found a transporter.
 37616 | Gauntlet | Identified the +1 hat of the Stallion {rC+ rN+}
 37686 | Gauntlet | Identified the +0 pair of boots of the Seventy-Seven Wars
                  | {rC+}
 37712 | Gauntlet | Identified the +6 spear "Wast" {elec, Drain rF+ Dex+6}
 37855 | Abyss:3  | Cast into level 3 of the Abyss (a wizard)
 37907 | Abyss:3  | Noticed a bone dragon
 37914 | Abyss:3  | Killed a bone dragon
 37978 | Abyss:3  | Noticed a lich
 37983 | Abyss:3  | Killed a lich
 38149 | Abyss:3  | Noticed a bone dragon
 38153 | Abyss:3  | Killed a bone dragon
 38181 | D:15     | Escaped the Abyss
 38181 | D:15     | HP: 4/84 [wizard/fireball (37)]
 38308 | D:14     | Killed LnG's ghost
 38771 | Swamp:4  | Offered knowledge of Fire Storm by Vehumet.
 38771 | Swamp:4  | Offered knowledge of Shatter by Vehumet.
 38771 | Swamp:4  | Offered knowledge of Ignition by Vehumet.
 38963 | Swamp:4  | Identified the +8 falchion "Pened" {flame, rN+ Str+4 Int-4}
 39028 | Swamp:4  | Noticed the 27-headed Lernaean hydra
 39042 | Swamp:4  | Killed the 27-headed Lernaean hydra
 39043 | Swamp:4  | Reached skill level 10 in Fighting
 39043 | Swamp:4  | Reached XP level 19. HP: 60/112 MP: 28/35
 39367 | Swamp:4  | Got a decaying rune of Zot
 39950 | Elf:1    | Entered Level 1 of the Elven Halls
 40015 | Elf:1    | HP: 4/112 [something/lance of force (12)]
 40304 | Slime:1  | Entered Level 1 of the Pits of Slime
 40512 | Slime:1  | Reached skill level 10 in Evocations
 40900 | Slime:2  | Gained mutation: You occasionally shout uncontrollably at
                  | your foes. [a shining eye]
 40903 | Slime:2  | Gained mutation: You frequently scream uncontrollably at
                  | your foes. [a shining eye]
 41614 | D:15     | Found a staircase to the Depths.
 42217 | Vaults:1 | Entered Level 1 of the Vaults
 42836 | Vaults:1 | Noticed Aizul
 42852 | Vaults:1 | Killed Aizul
 42853 | Vaults:1 | Reached skill level 10 in Summonings
 44096 | Vaults:2 | Reached XP level 20. HP: 121/121 MP: 22/36
 45803 | Vaults:3 | Found a staircase to the Crypt.
 46357 | Abyss:3  | Cast into level 3 of the Abyss (a wizard)
 46400 | Abyss:3  | Noticed a dread lich
 46406 | Abyss:3  | Noticed a Brimstone Fiend
 46423 | Abyss:3  | Paralysed by something for 3 turns
 46435 | Abyss:4  | Paralysed by something for 3 turns
 46459 | Abyss:4  | Paralysed by a dread lich for 4 turns
 46472 | Abyss:4  | Paralysed by accursed screaming for 1 turns
 46530 | Abyss:4  | Noticed a dread lich
 46539 | Abyss:4  | Killed a dread lich
 46540 | Abyss:4  | Reached XP level 21. HP: 111/127 MP: 38/38
 46707 | Vaults:3 | Escaped the Abyss
 47544 | Vaults:3 | Noticed Xtahua
 47556 | Vaults:3 | Killed Xtahua
 47741 | Crypt:1  | Entered Level 1 of the Crypt
 48306 | Elf:1    | Learned a level 7 spell: Malign Gateway
 48331 | Elf:1    | Got Sazock's Folio of Conjuration
 48403 | Elf:1    | Found an ancient bone altar of Kikubaaqudgha.
 49072 | Elf:2    | Found a runed translucent gate.
 49073 | Elf:2    | Found a runed translucent gate.
 49073 | Elf:2    | Found a runed translucent gate.
 49142 | Elf:2    | HP: 5/127 [something/shard of ice (21)]
 49710 | Vaults:4 | Reached XP level 22. HP: 108/132 MP: 40/40
 50504 | Vaults:4 | Found Mierra Bahav's General Store.
 50507 | Vaults:4 | Bought a scroll of fog for 84 gold pieces
 50708 | Vaults:5 | Entered Level 5 of the Vaults
 50709 | Vaults:5 | Noticed an ancient lich
 50745 | Vaults:4 | Reached skill level 15 in Spellcasting
 50770 | Vaults:4 | Learned a level 3 spell: Inner Flame
 50786 | Vaults:5 | Killed an ancient lich
 50845 | Vaults:5 | Noticed a dread lich
 50846 | Vaults:5 | Found the ring of the Octopus King {Fly HP+2 AC+2 EV+2
                  | SH+2}
 51662 | Elf:3    | Entered Level 3 of the Elven Halls
 51691 | Elf:3    | Gained mutation: You have a beak for a mouth. [you]
 51693 | Elf:3    | Gained mutation: You have hidden genetic defects. [you]
 51760 | Elf:3    | Reached skill level 15 in Armour
 52462 | Swamp:3  | Lost mutation: You are mostly covered in iridescent scales.
                  | (AC +4) [potion of mutation]
 52462 | Swamp:3  | Lost mutation: You are partially covered in iridescent
                  | scales. (AC +2) [potion of mutation]
 52462 | Swamp:3  | Gained mutation: Your mind is very acute. (Int +8, Str/Dex
                  | -2) [potion of mutation]
 52462 | Swamp:3  | Gained mutation: You have supernaturally acute eyesight.
                  | (SInv) [potion of mutation]
 52462 | Swamp:3  | Lost mutation: Your mind is very acute. (Int +8, Str/Dex
                  | -2) [potion of mutation]
 52463 | Swamp:3  | Lost mutation: Your mind is acute. (Int +4, Str/Dex -1)
                  | [potion of mutation]
 52463 | Swamp:3  | Lost mutation: You have a beak for a mouth. [potion of
                  | mutation]
 52463 | Swamp:3  | Lost mutation: You frequently scream uncontrollably at your
                  | foes. [potion of mutation]
 52463 | Swamp:3  | Gained mutation: Your spells are a little harder to cast,
                  | but a little more powerful. [potion of mutation]
 52463 | Swamp:3  | Gained mutation: You are agile. (Dex +4, Str/Int -1)
                  | [potion of mutation]
 52463 | Swamp:3  | Gained mutation: You have sharp fingernails. [potion of
                  | mutation]
 52676 | Slime:1  | Lost mutation: You have sharp fingernails. [potion of
                  | mutation]
 52676 | Slime:1  | Lost mutation: You occasionally shout uncontrollably at
                  | your foes. [potion of mutation]
 52676 | Slime:1  | Lost mutation: You are agile. (Dex +4, Str/Int -1) [potion
                  | of mutation]
 53805 | Crypt:1  | Lost mutation: You have hidden genetic defects. [potion of
                  | mutation]
 53805 | Crypt:1  | Lost mutation: You have supernaturally acute eyesight.
                  | (SInv) [potion of mutation]
 53805 | Crypt:1  | Lost mutation: Your spells are a little harder to cast, but
                  | a little more powerful. [potion of mutation]
 53805 | Crypt:1  | Gained mutation: Your muscles are strong. (Str +4, Int/Dex
                  | -1) [potion of mutation]
 53805 | Crypt:1  | Gained mutation: You are robust. (+10% HP) [potion of
                  | mutation]
 53805 | Crypt:1  | Gained mutation: You have large cloven feet. [potion of
                  | mutation]
 54097 | Crypt:1  | Reached skill level 1 in Fire Magic
 54545 | Crypt:2  | Reached XP level 23. HP: 154/154 MP: 19/42
 54690 | Crypt:2  | Noticed Vv
 55003 | Crypt:2  | Identified the +1 pair of gloves "Waipn" {-Cast rC+ Dex+4}
 55247 | Depths:1 | Entered Level 1 of the Depths
 55247 | Depths:1 | Found a one-way gate leading to the halls of Pandemonium.
 56738 | Elf:3    | Identified the +7 mace of the Solstice {freeze, rElec
                  | Int+4}
 56762 | Elf:3    | Identified the +3 glaive of Wilig {vorpal, Will+ Str+2
                  | Int+2}
 56763 | Elf:3    | Identified the ring "Fehaitt" {Fly rElec rC+ rCorr Str-4}
 56766 | Elf:3    | Identified the ring of Divine Intervention {rF- rC+ Will++
                  | Int-3 Stlth+}
 56805 | Elf:3    | Reached skill level 5 in Fire Magic
 56968 | Elf:3    | Learned a level 5 spell: Irradiate
 57001 | Elf:3    | Got Ymoeloth's Volume of Sepulchral Execration
 58028 | Depths:1 | Noticed Saint Roka
 58090 | Depths:1 | Lost mutation: Your muscles are strong. (Str +4, Int/Dex
                  | -1) [you]
 58094 | Depths:1 | Killed Saint Roka
 58305 | Depths:1 | Found a transporter.
 58336 | Depths:1 | Paralysed by a floating eye for 2 turns
 58345 | Depths:1 | Found a gateway to Hell.
 58389 | Hell     | Entered the Vestibule of Hell
 58389 | Hell     | Noticed Geryon
 58511 | Depths:1 | Found a transporter.
 59022 | Depths:2 | Reached skill level 15 in Earth Magic
 59349 | Depths:2 | Noticed a juggernaut
 59368 | Depths:2 | Reached XP level 24. HP: 145/160 MP: 20/42
 59373 | Depths:2 | Killed a juggernaut
 59532 | Depths:2 | Gained mutation: You do not regenerate when monsters are
                  | visible. [you]
 59583 | Depths:2 | Lost mutation: You do not regenerate when monsters are
                  | visible. [potion of mutation]
 59583 | Depths:2 | Lost mutation: You have large cloven feet. [potion of
                  | mutation]
 59583 | Depths:2 | Lost mutation: You are robust. (+10% HP) [potion of
                  | mutation]
 59583 | Depths:2 | Gained mutation: You have sharp toenails. [potion of
                  | mutation]
 60058 | Depths:2 | Gained mutation: You expend magic power (3 MP) to
                  | strengthen your wands. [you]
 60240 | Depths:3 | Noticed a caustic shrike
 60240 | Depths:3 | Noticed a caustic shrike
 60240 | Depths:3 | Noticed a caustic shrike
 60241 | Depths:3 | Noticed a caustic shrike
 60241 | Depths:3 | Noticed a caustic shrike
 60252 | Depths:3 | Killed a caustic shrike
 60260 | Depths:3 | Killed a caustic shrike
 60262 | Depths:3 | HP: 7/146 [caustic shrike (1)]
 60262 | Depths:3 | HP: 2/146 [acid (5)]
 60262 | Depths:3 | Killed a caustic shrike
 60262 | Depths:3 | Slain by a caustic shrike

Illustrated notes

Levels and vault maps discovered:
D:1:      scummos_arrival_gate, layout_loops_corners
D:2:      minmay_roachtagon, layout_basic, basic_altar,
          ebering_ecumenical_altar_petrified, uniq_jessica
D:3:      layout_loops_ring, fedhas_altar_2, serial_co_window_serial,
          co_window_corner_a, co_window_corner_a, co_window_of_opportunity_a,
          co_window_paths_b, co_window_corner_a, co_window_2corner,
          co_window_broadway_a, co_window_unsneaky_path_a, co_window_corner_b,
          co_window_of_opportunity_b, co_window_unsneaky_path_c,
          glass_columns_c, glass_columns_c, st_stairs_10
D:4:      layout_basic, nicolae_uskayaw_murder_on_the_dancefloor,
          minmay_manual_mess, uniq_ijyb, uniq_eustachio
D:5:      layout_basic, okawaru_metal_pillars_1_2, uniq_edmund
D:6:      layout_loops_corners, tso_metal_star, minmay_tree_intersection,
          minmay_diced_spiral
D:7:      layout_gridville, minmay_temple_entry_poolview, minmay_fire_ice_demons
D:8:      layout_rooms, nzn_wu_jian_contemplation, erik_lair_island,
          serial_shops, nicolae_shop_hallway_plus, nicolae_shop_hallway_plus,
          nicolae_shop_trees, kennysheep_little_box, nicolae_square_shop,
          enter_bailey_5, uniq_erica
D:9:      layout_grid_maze, uniq_maurice, uniq_harold
D:10:     layout_loops_corners, lemuel_round_altar, trog_book,
          chequers_temple_overflow_minitemple
D:11:     layout_grid_maze, portal_ice_cave_entry_imps
D:12:     layout_big_octagon, erik_orc_3, gammafunk_ghost_hydra_chop,
          serial_bayou_pond_a, beargit_elvish_explorers
D:13:     cheibrodos_histonic, layout_cave_pools, david_vaults_1,
          hangedman_decor_diamond_cutter, pf_eden
D:14:     layout_cave_pods, nicolae_elevator_lobby_asterisk,
          gammafunk_ghost_split, kennysheep_crisscross, uniq_jorgrun
D:15:     gammafunk_depths_entry_grave, layout_loops_ring, special_room
          [special_room_mythical_zoo], gauntlet_entry_generic
Temple:   nicolae_temple_slightly_damp_pantheon
Lair:1:   layout_hall_layers, serial_bayou_shore_b, serial_bayou_shore_b,
          serial_bayou_shore_b, grunt_megastairs_3, infiniplex_staircase_pool_2,
          uniq_amaemon, uniq_maggie
Lair:2:   layout_cave_pods, minmay_snake_entry_six_corridors, uniq_nergalle
Lair:3:   layout_chaotic_city, palyth_hydra_swamp_entry,
          nicolae_lair_liquid_snakes, uniq_nessos
Lair:4:   layout_long_grid, nicolae_lair_grazing_beasts
          [nicolae_sub_lair_graze_edge, nicolae_sub_lair_graze_edge,
          nicolae_sub_lair_graze_edge, nicolae_sub_lair_graze_edge],
          lemuel_fruit_fields
Lair:5:   evilmike_catoblepas_cave, layout_loops_ring,
          minmay_slime_entry_jelly_boxes, lemuel_fruit_tree
Swamp:1:  layout_basic_swamp, ebering_ghost_reflecting_pool,
          evilmike_swamp_ruin_rubble_1, infiniplex_staircase_pool
Swamp:2:  layout_basic_swamp, evilmike_swamp_ruin_house_2, swamp_pool4,
          uniq_frances
Swamp:3:  layout_falls_marsh, evilmike_swamp_ruin_house_4
Swamp:4:  swamp_old_school, layout_basic_swamp
Snake:1:  layout_onion, basic_altar, minmay_shoptagon
Snake:2:  layout_rooms, serial_shops, nicolae_shop_statue_plus
Snake:3:  gammafunk_sealed_arena, layout_cave_town, basic_altar,
          nicolae_large_snake_swirl
Snake:4:  grunt_snake_rune_serpentine_throne, layout_onion, serial_shops,
          nicolae_shop_window_shopping, nicolae_snake_gridmaze_squiggle
Slime:1:  layout_caves
Slime:2:  layout_caves
Slime:3:  layout_caves
Orc:1:    layout_diamond_mine, uniq_urug
Orc:2:    st_orc_ogre_mass, layout_caves
Elf:1:    layout_gridlike, basic_altar, serial_corexii_hall,
          corexii_hall_statues_i, chequers_hall_statues_corner_a,
          minmay_elf_annihilation, minivault_16
Elf:2:    nicolae_elf_blades_crystal_corner, layout_rooms
Elf:3:    grunt_elf_hall_diamonds, layout_geoelf_octagon
Vaults:1: nicolae_vaults_inception_scallops, v_alt_pattern_4,
          grunt_vaults_trifunnel, vaults_standard_mumra_x,
          grunt_vaults_hallway_long, nicolae_vaults_big_angled_halls,
          ontoclasm_vaults_ligature, vaults_dpeg_diagonal,
          layout_vaults_chaotic_city, uniq_aizul
Vaults:2: hangedman_vaults_cutoff, v_misc_2, v_misc_3, hangedman_vaults_impose,
          vaults_dpeg_doors, v_misc_23, ontoclasm_vaults_hangar, v_misc_17,
          nicolae_vaults_border_crossing, layout_vaults_quadrants
Vaults:3: nicolae_vaults_little_squares_2, v_rooms_2,
          nicolae_vaults_fighting_squares, minmay_crypt_entry_nasty_monster,
          ontoclasm_vaults_fault, nicolae_vaults_little_squares_1, v_misc_30,
          v_pattern_2, v_misc_19, nicolae_vaults_alarming,
          layout_vaults_omnicross, uniq_xtahua
Vaults:4: nicolae_vaults_big_ls, vaults_mumra_chevron_long, v_misc_3,
          nicolae_vaults_yaktaur_gun_rack, v_pattern_1,
          nicolae_vaults_diagonal_hallway_6, vaults_mumra_lcd, v_misc_25,
          v_misc_9, special_room_vaults [special_room_orc],
          vaults_room_stairs_pillars, nicolae_vaults_little_squares_2,
          ontoclasm_vaults_chip, v_misc_15, ontoclasm_vaults_misaligned,
          ontoclasm_vaults_ring_square, layout_vaults_maze_snakey, serial_shops,
          nicolae_shop_window_shopping
Vaults:5
Crypt:1:  layout_misc_corridors, minmay_misc_feat_five
Crypt:2:  layout_basic, uniq_vv
Depths:1: layout_cave_pools, hell_entry, pan_entry, skrybe_limestone_x,
          nicolae_diode_stairs, serial_bayou_shore_b, uniq_saint_roka
Depths:2: grunt_runaround [grunt_runaround_doors_1, grunt_runaround_doors_2,
          grunt_runaround_doors_3, grunt_runaround_doors_4,
          grunt_runaround_loot], pan_entry, hell_entry
Depths:3: cheibrodos_leafed_vault, layout_gridlike,
          nicolae_figureground_sparkle, grunt_mini_vestibule, abyss_entry,
          nrook_kobold_shadow_demons, serial_bayou_shore_b,
          infiniplex_staircase_zigzag_2, uniq_josephina, uniq_jory
Hell

Skill      XL: |  1  2  3  4  5  6  7  8  9 10 11 12 13 14 15 16 17 18 19 20 21 22 23 24 |
---------------+-------------------------------------------------------------------------+-----
Transmutations | 1 2 3 5 7 8 9 |  9.0
Earth Magic    | 4 5 6 7 8 9 10 11 12 13 14 15 16 | 16.5
Spellcasting   | 3 4 6 7 8 9 11 12 13 14 15 16 | 16.0
Conjurations   | 1 4 5 6 11 12 13 14 | 14.0
Fighting       | 2 3 4 5 7 8 9 10 11 12 13 | 13.6
Dodging        | 2 3 |  3.0
Armour         | 1 3 4 5 6 8 10 11 12 14 15 | 15.0
Evocations     | 1 3 5 7 9 10 11 | 11.0
Summonings     | 2 3 4 6 7 8 10 11 14 | 14.9
Shields        | 3 6 8 9 12 14 | 14.0
Long Blades    | 3 |  3.2
Staves         | 2 5 6 8 |  8.0
Hexes          | 5 7 9 |  9.0
Translocations | 8 12 13 14 | 14.4
Fire Magic     | 1 5 |  5.0
Stealth        | |  2.1

Action                   |  1- 3 |  4- 6 |  7- 9 | 10-12 | 13-15 | 16-18 | 19-21 | 22-24 || total
-------------------------+-------+-------+-------+-------+-------+-------+-------+-------++-------
Melee: Dagger            |       |     5 |    19 |     3 |       |       |       |       ||    27
       Scimitar          |       |       |       |    95 |       |       |       |       ||    95
       Unarmed           |       |       |       |     7 |       |       |       |       ||     7
       Staff             |       |       |       |     8 |    67 |    51 |   114 |    51 ||   291
 Cast: Sandblast         |    38 |    89 |    19 |       |       |       |       |       ||   146
       Passwall          |       |     4 |     3 |     1 |     2 |     3 |     1 |       ||    14
       Stone Arrow       |       |     6 |   107 |   163 |   391 |   162 |       |       ||   829
       Searing Ray       |       |       |       |    14 |     1 |       |       |       ||    15
       Call Imp          |       |       |       |    16 |       |       |       |       ||    16
       Call Canine Famil |       |       |       |    26 |    12 |       |       |       ||    38
       Lee's Rapid Decon |       |       |       |    50 |   238 |   149 |   113 |    42 ||   592
       Petrify           |       |       |       |    21 |   100 |    39 |    77 |    19 ||   256
       Animate Armour    |       |       |       |    12 |    24 |       |       |       ||    36
       Leda's Liquefacti |       |       |       |       |     3 |     6 |       |       ||     9
       Iron Shot         |       |       |       |       |       |   298 |   364 |   238 ||   900
       Iskenderun's Myst |       |       |       |       |       |    63 |    53 |    16 ||   132
       Teleport Other    |       |       |       |       |       |     9 |     2 |     3 ||    14
       Passage of Golubr |       |       |       |       |       |    23 |     3 |    10 ||    36
       Spellforged Servi |       |       |       |       |       |    29 |    64 |    46 ||   139
       Yara's Violent Un |       |       |       |       |       |     3 |    10 |    30 ||    43
       Malign Gateway    |       |       |       |       |       |       |     9 |    37 ||    46
       Inner Flame       |       |       |       |       |       |       |       |    53 ||    53
       Irradiate         |       |       |       |       |       |       |       |    12 ||    12
Evoke: Wand              |       |       |       |     3 |     2 |     2 |     2 |    18 ||    27
       Box of beasts     |       |       |       |       |       |       |     1 |     1 ||     2
       Phial of floods   |       |       |       |       |       |       |       |     1 ||     1
       Phantom mirror    |       |       |       |       |       |       |       |     1 ||     1
       Lightning rod     |       |       |       |       |       |       |       |     3 ||     3
  Use: Scroll            |       |       |     9 |    22 |    17 |     9 |     7 |    15 ||    79
       Potion            |       |       |     4 |     5 |     7 |     6 |     5 |    10 ||    37
 Stab: Petrified         |       |       |       |     5 |     2 |       |       |       ||     7
       Distracted        |       |       |       |       |     2 |       |       |     1 ||     3
Armor: Robe              |     5 |    23 |    63 |    26 |       |       |       |       ||   117
       Skin              |       |       |     9 |    17 |       |       |       |       ||    26
       Steam dragon scal |       |       |       |   167 |       |       |       |       ||   167
       Leather armour    |       |       |       |     5 |   332 |   306 |   334 |   192 ||  1169
       Scale mail        |       |       |       |       |       |       |       |   153 ||   153
Dodge: Dodged            |    15 |    38 |    65 |   187 |   171 |   173 |   164 |   127 ||   940
Block: Kite shield       |       |       |    56 |   429 |       |   281 |   382 |   350 ||  1498
       Reflection        |       |       |       |    14 |       |       |       |       ||    14
       Tower shield      |       |       |       |     7 |   622 |    87 |       |       ||   716

Table legend: (Time is in decaauts)
 A = Elapsed time spent in this place.
 B = Non-inter-level travel time spent in this place.
 C = Inter-level travel time spent in this place.
 D = Time resting spent in this place.
 E = Time spent auto-exploring this place.
 F = Levels seen in this place.
 G = Mean time per level.
                   A        B        C        D        E       F      G
               +--------+--------+--------+--------+--------+-----+--------+
         Total |  60762 |  50896 |   9866 |    157 |  38948 |  54 | 1125.2 |
       Dungeon |  22171 |  18245 |   3926 |     90 |  15295 |  15 | 1478.1 |
        Temple |    266 |    227 |     39 |      0 |    214 |   1 |  266.0 |
          Lair |   8608 |   6543 |   2065 |      5 |   4779 |   5 | 1721.6 |
         Swamp |   3578 |   3136 |    442 |      0 |   2429 |   4 |  894.5 |
     Snake Pit |   5812 |   4777 |   1035 |      0 |   3366 |   4 | 1453.0 |
    Slime Pits |   1441 |   1315 |    126 |      0 |   1067 |   3 |  480.3 |
  Orcish Mines |   1816 |   1361 |    455 |      0 |    988 |   2 |  908.0 |
   Elven Halls |   3321 |   2986 |    335 |      0 |   2028 |   3 | 1107.0 |
        Vaults |   7622 |   6420 |   1202 |      0 |   5068 |   5 | 1524.4 |
         Crypt |   1403 |   1317 |     86 |      0 |    990 |   2 |  701.5 |
        Depths |   2217 |   2066 |    151 |      0 |   1379 |   3 |  739.0 |
          Hell |      1 |      1 |      0 |      0 |      0 |   1 |    1.0 |
         Abyss |    672 |    672 |      0 |     62 |     93 |   3 |  224.0 |
        Bailey |    843 |    843 |      0 |      0 |    602 |   1 |  843.0 |
      Ice Cave |    510 |    510 |      0 |      0 |    371 |   1 |  510.0 |
      Gauntlet |    474 |    474 |      0 |      0 |    276 |   1 |  474.0 |
               +--------+--------+--------+--------+--------+-----+--------+

Top non-repeatable levels by time:
  Lair:2: 2220 daAuts
Vaults:1: 2197 daAuts
  Lair:1: 2197 daAuts
    D:12: 2166 daAuts
    D:13: 2030 daAuts
Vaults:2: 1977 daAuts
Vaults:3: 1849 daAuts
 Snake:1: 1723 daAuts
  Lair:3: 1708 daAuts
     D:6: 1644 daAuts
     D:9: 1613 daAuts
     D:5: 1539 daAuts
Vaults:4: 1514 daAuts
     D:8: 1509 daAuts
  Lair:5: 1506 daAuts
